 Dungeon Sprint DCSS version 0.20.0-10-g0535bb4 (webtiles) character file.

441 Gorglomux the Covert (level 7, -11/53 HPs)
             Began as an Octopode Assassin on June 4, 2017.
             Was a Follower of Sif Muna.
             Mangled by a scimitar of electrocution (15 damage)
             ... in the Dungeon (Sprint V: "Ziggurat Sprint").
             The game lasted 00:02:12 (138 turns).

Gorglomux the Covert (Octopode Assassin)             Turns: 138, Time: 00:02:13

Health: -11/53     AC:  1    Str: 22    XL:     7   Next: 2%
Magic:  2/15       EV: 13    Int: 28    God:    Sif Muna [*.....]
Gold:   0          SH:  0    Dex: 25    Spells: 17/17 levels left

rFire    . . .     SeeInvis .   a - +2 dagger
rCold    . . .     Gourm    .   (no shield)
rNeg     . . .     Faith    .   (helmet restricted)
rPois    .         Spirit   .   (no amulet)
rElec    .         Reflect  .   E - +6 ring of dexterity
rCorr    .         Harm     .   F - +6 ring of intelligence
MR       .....     NoTele   +   G - +6 ring of strength
Stlth    +++++++...             H - +6 ring of strength
Regen    0.2/turn               J - +6 ring of intelligence
MPRegen  0.2/turn               K - +6 ring of dexterity
                                (no ring)
                                (no ring)

@: very slightly contaminated, invisible
A: almost no armour, stealthy swim, amphibious, 8 rings, constrict 8, camouflage
1, gelatinous body 1
a: Divine Energy, Renounce Religion


You were in the Dungeon.
You worshipped Sif Muna.
Sif Muna was aware of your devotion.
You were not hungry.

You visited 1 branch

Inventory:

Hand Weapons
 a - a +2 dagger (weapon)
 q - a +0 blowgun
 t - the +9 heavy crossbow "Sniper" {velocity, Acc+∞ SInv}
   (You found it in the Dungeon)

   Any bolt fired from it inflicts extra damage.
   It lets you see invisible.
 u - the +6 Majin-Bo {vamp, Archmagi MP+6 Int+6}
   (You found it in the Dungeon)

   It inflicts no extra harm, but heals its wielder when it wounds a living foe.
   It affects your intelligence (+6).
   It affects your magic capacity (+6).
 v - the +8 lance "Wyrmbane" {slay drac, rPois rF+ rC+ AC+3}
   (You found it in the Dungeon)

   It affects your AC (+3).
   It protects you from fire.
   It protects you from cold.
   It protects you from poison.
Missiles
 c - 8 poisoned needles
 d - 2 curare-tipped needles
 p - 1000 sling bullets
 r - 1000 bolts
 s - 1000 arrows
Armour
 C - a +3 shield
 D - a +3 large shield
Magical Staves
 x - an uncursed staff of energy
Jewellery
 E - a +6 ring of dexterity (left tentacle)
 F - a +6 ring of intelligence (right tentacle)
 G - a +6 ring of strength (on tentacle)
 H - a +6 ring of strength (on tentacle)
 J - a +6 ring of intelligence (on tentacle)
 K - a +6 ring of dexterity (on tentacle)
Wands
 w - a wand of disintegration (7/24)
 A - a wand of acid (5/15)
 I - a wand of iceblast (5/15)
 L - a wand of lightning (5/15)
Scrolls
 o - 4 scrolls of amnesia
 B - 4 scrolls of blinking
 N - 2 scrolls of fear
 O - 5 scrolls of remove curse
 R - 5 scrolls of identify
 X - 3 scrolls of recharging
 Y - 7 scrolls of fog
 Z - a scroll of holy word
Potions
 g - 10 potions of heal wounds
 h - 6 potions of haste
 i - 7 potions of magic
 j - 3 potions of berserk rage
 P - 2 potions of brilliance
 Q - 10 potions of curing
 S - a potion of invisibility
 T - 4 potions of resistance
 V - 5 potions of agility
 W - 5 potions of might
Miscellaneous
 y - a lightning rod (4/4)
Comestibles
 f - 5 bread rations
 z - 4 meat rations
 M - 42 fruits


   Skills:
 + Level 6.7 Fighting
 + Level 6.7 Short Blades
 - Level 2.0 Throwing
 - Level 1.0 Dodging
 + Level 14.2 Stealth
 + Level 5.7 Spellcasting


You had 17 spell levels left.
You didn't know any spells.

Dungeon Overview and Level Annotations

Branches:
Dungeon (1/1)

Altars:
Ashenzari
Cheibriados
Dithmenos
Elyvilon
Fedhas
Gozag
Hepliaklqana
Kikubaaqudgha
Makhleb
Nemelex Xobeh
Okawaru
Qazlal
Ru
Sif Muna
Trog
Uskayaw
Vehumet
Xom
Yredelemnul
Zin
The Shining One
Beogh
Jiyva
Lugonu

Annotations:
D 1 transporter


Innate Abilities, Weirdness & Mutations

You cannot wear most types of armour.
You are very stealthy in the water. (Stealth+)
You are amphibious.
You can wear up to eight rings at the same time.
You can use your tentacles to constrict eight enemies at once.
Your skin changes colour to match your surroundings (Stealth+).
Your rubbery body absorbs attacks. (AC +1, EV +1)


Message History

You feel clever.
You have reached level 7!
The scimitar of electrocution hits you!
Unknown command.
Unknown command.
You closely miss the scimitar of electrocution.
Your grab misses the scimitar of electrocution.
The scimitar of electrocution hits you!!
You hit the scimitar of electrocution but do no damage.
Your grab misses the scimitar of electrocution.
Your squeeze misses the scimitar of electrocution.
The scimitar of electrocution hits you!
Unknown command.
You barely miss the scimitar of electrocution.
You grab the scimitar of electrocution.
You constrict the scimitar of electrocution, but do no damage.
The scimitar of electrocution hits you!
* * * LOW HITPOINT WARNING * * *
You are electrocuted!
You die...

▓▓▓▓▓▓▓
▓.8©8.▓
▓.....▓
▓.).(.▓
▓..@..▓
▓.....▓
▓.....▓
▓▓▓▓▓▓▓


You could see a scimitar of electrocution (wandering).

Vanquished Creatures
  A deep elf mage (D)
1 creature vanquished.

Notes
Turn   | Place    | Note
-------+----------+-------------------------------------------
     0 | D        | Gorglomux the Octopode Assassin began the quest for the Orb.
     0 | D        | Reached XP level 1. HP: 14/14 MP: 1/1
     0 | D        | Found a deep blue altar of Sif Muna.
     0 | D        | Found a sacrificial altar of Ru.
     0 | D        | Found a bloodstained altar of Trog.
     0 | D        | Found a stormy altar of Qazlal.
     0 | D        | Found an iron altar of Okawaru.
     0 | D        | Found a sparkling altar of Nemelex Xobeh.
     0 | D        | Found a blossoming altar of Fedhas.
     2 | D        | Found a transporter.
     2 | D        | Found an ancient bone altar of Kikubaaqudgha.
     2 | D        | Found a viscous altar of Jiyva.
     2 | D        | Found a corrupted altar of Lugonu.
     2 | D        | Found a hazy altar of Hepliaklqana.
     2 | D        | Found a burning altar of Makhleb.
     2 | D        | Found an opulent altar of Gozag.
    65 | D        | Became a worshipper of Sif Muna the Loreminder
   129 | D        | Reached skill level 11 in Stealth
   129 | D        | Reached XP level 2. HP: 19/19 MP: 2/2
   131 | D        | Entered arena 2.
   131 | D        | Noticed a deep elf mage
   131 | D        | Noticed a scimitar of electrocution
   131 | D        | Found a transporter.
   135 | D        | Killed a deep elf mage
   135 | D        | Reached * piety under Sif Muna
   135 | D        | Reached skill level 6 in Fighting
   135 | D        | Reached skill level 6 in Short Blades
   135 | D        | Reached skill level 14 in Stealth
   135 | D        | Reached XP level 3. HP: 31/31 MP: 2/10
   135 | D        | Reached XP level 4. HP: 36/36 MP: 2/11
   135 | D        | Reached XP level 5. HP: 42/42 MP: 2/13
   135 | D        | Reached XP level 6. HP: 47/47 MP: 2/14
   135 | D        | Reached XP level 7. HP: 53/53 MP: 2/15
   138 | D        | Mangled by a scimitar of electrocution

Skill      XL: |  1  2 |
---------------+-------+-----
Stealth        | 11 14 | 14.2
Fighting       | 6 |  6.7
Short Blades   | 6 |  6.7
Spellcasting   | 5 |  5.7
Throwing       | |  2.0
Dodging        | |  1.0

Action                   |  1- 3 |  4- 6 |  7- 9 || total
-------------------------+-------+-------+-------++-------
Melee: Dagger            |     1 |       |     3 ||     4
       Constrict         |       |       |     1 ||     1
  Use: Potion            |     2 |       |       ||     2
 Stab: Sleeping          |     1 |       |       ||     1
